TOP OF THE 1ST |
Denver Bears batting - Pitching for Oklahoma City 89ers : RHP Vicente Prieto
|
Pitching: RHP Vicente Prieto
|
|
Batting: LHB Dallas Williams
|
0-0: Fly out, F9 (Flyball, 89D, EV 103.8 MPH)
|
Batting: RHB Adolfo Feliz
|
0-0: Called Strike 0-1: Foul Ball, location: 2F 0-2: Foul Ball, location: 2F 0-2: Strikes out swinging
|
Batting: LHB Danny Heep
|
0-0: Called Strike 0-1: Called Strike 0-2: Ball 1-2: Ball 2-2: Ball 3-2: Base on Balls
|
Batting: RHB George A Bell
|
0-0: Ball 1-0: Ball 2-0: Called Strike 2-1: Fly out, F4 (Popup, 4S, EV 83.1 MPH)
|
Top of the 1st over - 0 runs, 0 hits, 0 errors, 1 left on base; Denver 0 - Oklahoma City 0 |
BOTTOM OF THE 1ST |
Oklahoma City 89ers batting - Pitching for Denver Bears : RHP Curt Heidenreich
|
Pitching: RHP Curt Heidenreich
|
|
Batting: RHB David Green
|
0-0: Foul Ball, location: 2F 0-1: Ground out 5-3 (Groundball, 5, EV 76.3 MPH)
|
Batting: RHB John Christensen
|
0-0: Ball 1-0: Ground out 1-3 (Groundball, 13S, EV 72.5 MPH)
|
Batting: LHB Tom O'Malley
|
0-0: Ball 1-0: Foul Ball, location: 2F 1-1: Called Strike 1-2: Strikes out looking
|
Bottom of the 1st over - 0 runs, 0 hits, 0 errors, 0 left on base; Denver 0 - Oklahoma City 0 |
TOP OF THE 2ND |
Denver Bears batting - Pitching for Oklahoma City 89ers : RHP Vicente Prieto
|
Batting: LHB Tom Beyers
|
0-0: Ball 1-0: Fly out, F6 (Popup, 6, EV 75.6 MPH)
|
Batting: RHB Juan Alvarez
|
0-0: Swinging Strike 0-1: Ground out 5-3 (Groundball, 56S, EV 84.4 MPH)
|
Batting: RHB Raymond Borucki
|
0-0: Ball 1-0: Called Strike 1-1: Foul Ball, location: 2F 1-2: Ball 2-2: Ground out 6-3 (Groundball, 6, EV 85.0 MPH)
|
Top of the 2nd over - 0 runs, 0 hits, 0 errors, 0 left on base; Denver 0 - Oklahoma City 0 |
BOTTOM OF THE 2ND |
Oklahoma City 89ers batting - Pitching for Denver Bears : RHP Curt Heidenreich
|
Batting: RHB Glenn Braggs
|
0-0: Ball 1-0: Ball 2-0: Foul Ball, location: 2F 2-1: Ball 3-1: Fly out, F9 (Flyball, 89M, EV 85.0 MPH)
|
Batting: RHB Cecil Fielder
|
0-0: Called Strike 0-1: Swinging Strike 0-2: Foul Ball, location: 2F 0-2: Ball 1-2: Ball 2-2: Ball 3-2: Foul Ball, location: 2F 3-2: Foul Ball, location: 2F 3-2: Strikes out swinging
|
Batting: RHB Nick Esasky
|
0-0: Called Strike 0-1: Foul Ball, location: 2F 0-2: Ball 1-2: Ground out 6-3 (Groundball, 6, EV 85.6 MPH)
|
Bottom of the 2nd over - 0 runs, 0 hits, 0 errors, 0 left on base; Denver 0 - Oklahoma City 0 |
TOP OF THE 3RD |
Denver Bears batting - Pitching for Oklahoma City 89ers : RHP Vicente Prieto
|
Batting: RHB Frank Lucy
|
0-0: Ball 1-0: Called Strike 1-1: Fly out, F8 (Line Drive, 8RM, EV 91.3 MPH)
|
Batting: RHB Glenn Hoffman
|
0-0: Called Strike 0-1: Called Strike 0-2: Ball 1-2: Foul Ball, location: 2F 1-2: SINGLE (Groundball, 4MD, EV 111.3 MPH)
|
Batting: LHB Dallas Williams
|
0-0: Swinging Strike 0-1: Foul Ball, location: 2F 0-2: SINGLE (Groundball, 6M, EV 102.5 MPH) (infield hit) Glenn Hoffman to second
|
Batting: RHB Adolfo Feliz
|
0-0: Ball 1-0: Called Strike 1-1: SINGLE (Groundball, 13S, EV 65.0 MPH) (infield hit) Glenn Hoffman to third Dallas Williams to second
|
Batting: LHB Danny Heep
|
0-0: Called Strike 0-1: Swinging Strike 0-2: Ball 1-2: Foul Ball, location: 2F 1-2: Ball 2-2: Strikes out swinging
|
Batting: RHB George A Bell
|
0-0: Swinging Strike 0-1: Fly out, F8 (Flyball, 8LXD, EV 99.4 MPH)
|
Top of the 3rd over - 0 runs, 3 hits, 0 errors, 3 left on base; Denver 0 - Oklahoma City 0 |
BOTTOM OF THE 3RD |
Oklahoma City 89ers batting - Pitching for Denver Bears : RHP Curt Heidenreich
|
Batting: RHB Joe Redfield
|
0-0: Ball 1-0: Ball 2-0: Ground out 5-3 (Groundball, 56, EV 81.9 MPH)
|
Batting: RHB Danny Jasso
|
0-0: Called Strike 0-1: Reached on error, E5 (Groundball, 5, EV 87.5 MPH)
|
Batting: RHB Ron Tingley
|
0-0: Ball 1-0: Fielders Choice at 2nd, 6-4 (Groundball, 6M, EV 88.8 MPH)
|
Batting: RHB David Green
|
0-0: Ground out 6-3 (Groundball, 6S, EV 70.6 MPH)
|
Bottom of the 3rd over - 0 runs, 0 hits, 1 error, 1 left on base; Denver 0 - Oklahoma City 0 |
TOP OF THE 4TH |
Denver Bears batting - Pitching for Oklahoma City 89ers : RHP Vicente Prieto
|
Batting: LHB Tom Beyers
|
0-0: Foul Ball, location: 2F 0-1: DOUBLE (Line Drive, 78M, EV 102.5 MPH)
|
Batting: RHB Juan Alvarez
|
0-0: Ground out 4-3 (Groundball, 34D, EV 81.3 MPH) Tom Beyers to third
|
Batting: RHB Raymond Borucki
|
0-0: Swinging Strike 0-1: Foul Ball, location: 2F 0-2: Foul Ball, location: 2F 0-2: Foul Ball, location: 2F 0-2: Ground out 1-3 (Groundball, P, EV 73.8 MPH)
|
Batting: RHB Frank Lucy
|
0-0: Called Strike 0-1: Ball 1-1: Ball 2-1: Swinging Strike 2-2: Strikes out swinging
|
Top of the 4th over - 0 runs, 1 hit, 0 errors, 1 left on base; Denver 0 - Oklahoma City 0 |
BOTTOM OF THE 4TH |
Oklahoma City 89ers batting - Pitching for Denver Bears : RHP Curt Heidenreich
|
Batting: RHB John Christensen
|
0-0: Called Strike 0-1: Ball 1-1: Ground out 5-3 (Groundball, 56S, EV 61.9 MPH)
|
Batting: LHB Tom O'Malley
|
0-0: Ball 1-0: Swinging Strike 1-1: Ground out 1-3 (Groundball, 13, EV 66.9 MPH)
|
Batting: RHB Glenn Braggs
|
0-0: Ball 1-0: Ground out 5-3 (Groundball, 56S, EV 63.8 MPH)
|
Bottom of the 4th over - 0 runs, 0 hits, 0 errors, 0 left on base; Denver 0 - Oklahoma City 0 |
TOP OF THE 5TH |
Denver Bears batting - Pitching for Oklahoma City 89ers : RHP Vicente Prieto
|
Batting: RHB Glenn Hoffman
|
0-0: Ball 1-0: Foul Ball, location: 2F 1-1: Fly out, F1 (Line Drive, P, EV 61.9 MPH)
|
Batting: LHB Dallas Williams
|
0-0: Foul Ball, location: 2F 0-1: Ball 1-1: Swinging Strike 1-2: Ball 2-2: Fly out, F7 (Flyball, 7S, EV 93.8 MPH)
|
Batting: RHB Adolfo Feliz
|
0-0: Foul Ball, location: 2F 0-1: Foul Ball, location: 2F 0-2: Ball 1-2: Ball 2-2: Foul Ball, location: 2F 2-2: Fly out, F7 (Flyball, 7, EV 90.6 MPH)
|
Top of the 5th over - 0 runs, 0 hits, 0 errors, 0 left on base; Denver 0 - Oklahoma City 0 |
BOTTOM OF THE 5TH |
Oklahoma City 89ers batting - Pitching for Denver Bears : RHP Curt Heidenreich
|
Batting: RHB Cecil Fielder
|
0-0: Ball 1-0: Ball 2-0: Ball 3-0: Called Strike 3-1: Base on Balls
|
Batting: RHB Nick Esasky
|
0-0: Called Strike 0-1: Swinging Strike 0-2: Foul Ball, location: 2F 0-2: Fly out, F9 (Flyball, 9S, EV 83.1 MPH)
|
Batting: RHB Joe Redfield
|
0-0: Swinging Strike 0-1: Called Strike 0-2: Ball 1-2: Strikes out swinging
|
Batting: RHB Danny Jasso
|
0-0: Called Strike 0-1: Hit by Pitch Cecil Fielder to second
|
Batting: RHB Ron Tingley
|
0-0: Called Strike 0-1: Ball 1-1: Ball 2-1: Foul Ball, location: 2F 2-2: Ball 3-2: Fly out, F8 (Flyball, 8LD, EV 97.5 MPH)
|
Bottom of the 5th over - 0 runs, 0 hits, 0 errors, 2 left on base; Denver 0 - Oklahoma City 0 |
TOP OF THE 6TH |
Denver Bears batting - Pitching for Oklahoma City 89ers : RHP Vicente Prieto
|
Batting: LHB Danny Heep
|
0-0: Foul Ball, location: 2F 0-1: Ball 1-1: Ball 2-1: Fly out, F5 (Popup, 5F, EV 65.0 MPH)
|
Batting: RHB George A Bell
|
0-0: Foul Ball, location: 2F 0-1: SINGLE (Groundball, 56D, EV 98.8 MPH)
|
Batting: LHB Tom Beyers
|
0-0: Ball 1-0: Ball 2-0: Fielders Choice at 2nd, 6-4 (Groundball, 6, EV 86.9 MPH)
|
Batting: RHB Juan Alvarez
|
0-0: Ball 1-0: Ball 2-0: Called Strike 2-1: Foul Ball, location: 2F 2-2: Ball 3-2: Foul Ball, location: 2F 3-2: Foul Ball, location: 2F 3-2: Foul Ball, location: 2F 3-2: Strikes out swinging
|
Top of the 6th over - 0 runs, 1 hit, 0 errors, 1 left on base; Denver 0 - Oklahoma City 0 |
BOTTOM OF THE 6TH |
Oklahoma City 89ers batting - Pitching for Denver Bears : RHP Curt Heidenreich
|
Batting: RHB David Green
|
0-0: Foul Ball, location: 2F 0-1: Called Strike 0-2: Foul Ball, location: 2F 0-2: Ball 1-2: Foul Ball, location: 2F 1-2: Ball 2-2: Foul Ball, location: 2F 2-2: Ball 3-2: Strikes out swinging
|
Batting: RHB John Christensen
|
0-0: Ground out 6-3 (Groundball, 6MS, EV 78.1 MPH)
|
Batting: LHB Tom O'Malley
|
0-0: Called Strike 0-1: Fly out, F8 (Flyball, 8LD, EV 89.4 MPH)
|
Bottom of the 6th over - 0 runs, 0 hits, 0 errors, 0 left on base; Denver 0 - Oklahoma City 0 |
TOP OF THE 7TH |
Denver Bears batting - Pitching for Oklahoma City 89ers : RHP Vicente Prieto
|
Batting: RHB Raymond Borucki
|
0-0: Foul Ball, location: 2F 0-1: Ground out 5-3 (Groundball, 56S, EV 84.4 MPH)
|
Batting: RHB Frank Lucy
|
0-0: SINGLE (Groundball, 5S, EV 68.8 MPH) (infield hit)
|
Batting: RHB Glenn Hoffman
|
0-0: Ball 1-0: Swinging Strike 1-1: Foul Ball, location: 2F 1-2: Grounds into double play, 4-6-3 (Groundball, 4, EV 94.4 MPH)
|
Top of the 7th over - 0 runs, 1 hit, 0 errors, 0 left on base; Denver 0 - Oklahoma City 0 |
BOTTOM OF THE 7TH |
Oklahoma City 89ers batting - Pitching for Denver Bears : RHP Curt Heidenreich
|
Batting: RHB Glenn Braggs
|
0-0: Called Strike 0-1: Ball 1-1: Ball 2-1: Ball 3-1: Base on Balls
|
Batting: RHB Cecil Fielder
|
0-0: Swinging Strike 0-1: Ball 1-1: Ball 2-1: Ball 3-1: Grounds into double play, 6-4-3 (Groundball, 6, EV 89.4 MPH)
|
Batting: RHB Nick Esasky
|
0-0: Ball 1-0: Foul Ball, location: 2F 1-1: Foul Ball, location: 2F 1-2: Foul Ball, location: 2F 1-2: Strikes out swinging
|
Bottom of the 7th over - 0 runs, 0 hits, 0 errors, 0 left on base; Denver 0 - Oklahoma City 0 |
TOP OF THE 8TH |
Denver Bears batting - Pitching for Oklahoma City 89ers : RHP Vicente Prieto
|
Batting: LHB Dallas Williams
|
0-0: Foul Ball, location: 2F 0-1: Called Strike 0-2: Ground out U3 (Groundball, 3, EV 96.3 MPH)
|
Batting: RHB Adolfo Feliz
|
0-0: Foul Ball, location: 2F 0-1: Ball 1-1: Ball 2-1: Ball 3-1: Called Strike 3-2: Foul Ball, location: 2F 3-2: Fly out, F8 (Flyball, 8RS, EV 86.9 MPH)
|
Batting: LHB Danny Heep
|
0-0: Ball 1-0: Swinging Strike 1-1: Foul Ball, location: 2F 1-2: Ball 2-2: Ground out 6-3 (Groundball, 6, EV 83.1 MPH)
|
Top of the 8th over - 0 runs, 0 hits, 0 errors, 0 left on base; Denver 0 - Oklahoma City 0 |
BOTTOM OF THE 8TH |
Oklahoma City 89ers batting - Pitching for Denver Bears : RHP Curt Heidenreich
|
Batting: RHB Joe Redfield
|
0-0: Called Strike 0-1: Ball 1-1: Foul Ball, location: 2F 1-2: Strikes out swinging
|
Batting: RHB Danny Jasso
|
0-0: Called Strike 0-1: Foul Ball, location: 2F 0-2: Fly out, F8 (Line Drive, 8RD, EV 90.6 MPH)
|
Batting: RHB Ron Tingley
|
0-0: Foul Ball, location: 2F 0-1: Foul Ball, location: 2F 0-2: Foul Ball, location: 2F 0-2: Ball 1-2: Ball 2-2: Foul Ball, location: 2F 2-2: Ground out 6-3 (Groundball, 6D, EV 103.1 MPH)
|
Bottom of the 8th over - 0 runs, 0 hits, 0 errors, 0 left on base; Denver 0 - Oklahoma City 0 |
TOP OF THE 9TH |
Denver Bears batting - Pitching for Oklahoma City 89ers : RHP Vicente Prieto
|
Batting: RHB George A Bell
|
0-0: Foul Ball, location: 2F 0-1: SINGLE (Flyball, 7LS, EV 95.6 MPH)
|
Batting: LHB Tom Beyers
|
0-0: Ball George A Bell is caught stealing 2nd base 2-6 1-0: SINGLE (Line Drive, 7S, EV 88.8 MPH)
|
Pinch Hitting: LHB Terry Francona
|
0-0: Ball 1-0: Called Strike 1-1: Ball 2-1: Foul Ball, location: 2F 2-2: Grounds into double play, 4-6-3 (Groundball, 4M, EV 95.6 MPH)
|
Top of the 9th over - 0 runs, 2 hits, 0 errors, 0 left on base; Denver 0 - Oklahoma City 0 |
BOTTOM OF THE 9TH |
Oklahoma City 89ers batting - Pitching for Denver Bears : RHP Curt Heidenreich
|
Now at 1B: Terry Francona
|
|
Batting: RHB David Green
|
0-0: Ground out 6-3 (Groundball, 6, EV 76.3 MPH)
|
Batting: RHB John Christensen
|
0-0: Called Strike 0-1: Ball 1-1: Ball 2-1: Foul Ball, location: 2F 2-2: Foul Ball, location: 2F 2-2: Strikes out swinging
|
Batting: LHB Tom O'Malley
|
0-0: Called Strike 0-1: Ball 1-1: Fly out, F7 (Flyball, 7LS, EV 73.8 MPH)
|
Bottom of the 9th over - 0 runs, 0 hits, 0 errors, 0 left on base; Denver 0 - Oklahoma City 0 |
TOP OF THE 10TH |
Denver Bears batting - Pitching for Oklahoma City 89ers : RHP Vicente Prieto
|
Pinch Hitting: LHB Larry Donofrio
|
0-0: Ball 1-0: Ball 2-0: Called Strike 2-1: Foul Ball, location: 2F 2-2: Ground out 4-3 (Groundball, 34, EV 97.5 MPH)
|
Batting: RHB Frank Lucy
|
0-0: Ball 1-0: Called Strike 1-1: Swinging Strike 1-2: Ball 2-2: Fly out, F9 (Flyball, 89D, EV 94.4 MPH)
|
Pinch Hitting: RHB Victor Woods
|
0-0: Called Strike 0-1: Ball 1-1: Swinging Strike 1-2: Fly out, F8 (Flyball, 8RM, EV 86.9 MPH)
|
Top of the 10th over - 0 runs, 0 hits, 0 errors, 0 left on base; Denver 0 - Oklahoma City 0 |
BOTTOM OF THE 10TH |
Oklahoma City 89ers batting - Pitching for Denver Bears : RHP Curt Heidenreich
|
Now at 3B: Francis McCann
|
|
Now at SS: Gomez Barahona
|
|
Batting: RHB Glenn Braggs
|
0-0: Fly out, F9 (Flyball, 89D, EV 98.8 MPH)
|
Batting: RHB Cecil Fielder
|
0-0: Ball 1-0: DOUBLE (Flyball, 89D, EV 88.8 MPH)
|
Batting: RHB Nick Esasky
|
0-0: Called Strike 0-1: Ball 1-1: Fly out, F7 (Line Drive, 7, EV 90.6 MPH)
|
Batting: RHB Joe Redfield
|
0-0: Intentional Walk
|
Batting: RHB Danny Jasso
|
0-0: Ground out U3 (Groundball, 3L, EV 79.4 MPH)
|
Bottom of the 10th over - 0 runs, 1 hit, 0 errors, 2 left on base; Denver 0 - Oklahoma City 0 |
TOP OF THE 11TH |
Denver Bears batting - Pitching for Oklahoma City 89ers : RHP Vicente Prieto
|
Pitching: RHP Ernie Camacho
|
|
Batting: LHB Dallas Williams
|
0-0: Fly out, F8 (Line Drive, 8RM, EV 93.1 MPH)
|
Batting: RHB Adolfo Feliz
|
0-0: Ball 1-0: Ball 2-0: Foul Ball, location: 2F 2-1: Foul Ball, location: 2F 2-2: Strikes out swinging
|
Batting: LHB Danny Heep
|
0-0: Called Strike 0-1: Ball 1-1: Foul Ball, location: 2F 1-2: DOUBLE (Line Drive, 9LM, EV 104.4 MPH)
|
Batting: RHB George A Bell
|
0-0: Foul Ball, location: 2F 0-1: Ball 1-1: Ground out 3-1 (Groundball, 34S, EV 71.3 MPH)
|
Top of the 11th over - 0 runs, 1 hit, 0 errors, 1 left on base; Denver 0 - Oklahoma City 0 |
BOTTOM OF THE 11TH |
Oklahoma City 89ers batting - Pitching for Denver Bears : RHP Curt Heidenreich
|
Pinch Hitting: RHB Tim Tolman
|
0-0: Called Strike 0-1: Ball 1-1: Ball 2-1: Called Strike 2-2: Fly out, F8 (Line Drive, 8RD, EV 95.6 MPH)
|
Batting: RHB David Green
|
0-0: Ball 1-0: Fly out, F7 (Line Drive, 7D, EV 90.6 MPH)
|
Batting: RHB John Christensen
|
0-0: Called Strike 0-1: Fly out, F7 (Flyball, 78S, EV 70.6 MPH)
|
Bottom of the 11th over - 0 runs, 0 hits, 0 errors, 0 left on base; Denver 0 - Oklahoma City 0 |
TOP OF THE 12TH |
Denver Bears batting - Pitching for Oklahoma City 89ers : RHP Ernie Camacho
|
Now at C: Robert Bailey
|
|
Batting: LHB Tom Beyers
|
0-0: Ball 1-0: Ball 2-0: Called Strike 2-1: Foul Ball, location: 2F 2-2: Foul Ball, location: 2F 2-2: Fly out, F8 (Line Drive, 8LM, EV 90.0 MPH)
|
Batting: LHB Terry Francona
|
0-0: Ball 1-0: Fly out, F8 (Flyball, 8LD, EV 72.5 MPH)
|
Batting: RHB Francis McCann
|
0-0: Ball 1-0: Ball 2-0: Ball 3-0: Base on Balls
|
Batting: RHB Frank Lucy
|
0-0: Called Strike Francis McCann steals 2nd base 0-1: Swinging Strike 0-2: Ball 1-2: Foul Ball, location: 2F 1-2: Foul Ball, location: 2F 1-2: Ball 2-2: Fly out, F8 (Flyball, 78M, EV 80.6 MPH)
|
Top of the 12th over - 0 runs, 0 hits, 0 errors, 1 left on base; Denver 0 - Oklahoma City 0 |
BOTTOM OF THE 12TH |
Oklahoma City 89ers batting - Pitching for Denver Bears : RHP Curt Heidenreich
|
Batting: LHB Tom O'Malley
|
0-0: Fly out, F8 (Flyball, 89D, EV 102.5 MPH)
|
Batting: RHB Glenn Braggs
|
0-0: Called Strike 0-1: Ball 1-1: Fly out, F8 (Flyball, 8RM, EV 88.8 MPH)
|
Batting: RHB Cecil Fielder
|
0-0: Ball 1-0: Fly out, F9 (Flyball, 9, EV 90.0 MPH)
|
Bottom of the 12th over - 0 runs, 0 hits, 0 errors, 0 left on base; Denver 0 - Oklahoma City 0 |
TOP OF THE 13TH |
Denver Bears batting - Pitching for Oklahoma City 89ers : RHP Ernie Camacho
|
Batting: RHB Gomez Barahona
|
0-0: Ground out 6-3 (Groundball, P, EV 86.3 MPH)
|
Batting: LHB Dallas Williams
|
0-0: Ball 1-0: Ball 2-0: Ball 3-0: Called Strike 3-1: Swinging Strike 3-2: Foul Ball, location: 2F 3-2: Strikes out swinging
|
Batting: RHB Adolfo Feliz
|
0-0: Ball 1-0: Ground out 6-3 (Groundball, 6, EV 79.4 MPH)
|
Top of the 13th over - 0 runs, 0 hits, 0 errors, 0 left on base; Denver 0 - Oklahoma City 0 |
BOTTOM OF THE 13TH |
Oklahoma City 89ers batting - Pitching for Denver Bears : RHP Curt Heidenreich
|
Batting: RHB Nick Esasky
|
0-0: Called Strike 0-1: Ball 1-1: Foul Ball, location: 2F 1-2: Ball 2-2: Foul Ball, location: 2F 2-2: Foul Ball, location: 2F 2-2: Strikes out swinging
|
Batting: RHB Joe Redfield
|
0-0: Foul Ball, location: 2F 0-1: Ball 1-1: Ground out 5-3 (Groundball, 5, EV 103.1 MPH)
|
Batting: RHB Danny Jasso
|
0-0: Ground out 5-3 (Groundball, 56, EV 102.5 MPH)
|
Bottom of the 13th over - 0 runs, 0 hits, 0 errors, 0 left on base; Denver 0 - Oklahoma City 0 |
TOP OF THE 14TH |
Denver Bears batting - Pitching for Oklahoma City 89ers : RHP Ernie Camacho
|
Pitching: RHP Bob Forsch
|
|
Batting: LHB Danny Heep
|
0-0: Ball 1-0: Ball 2-0: Ball 3-0: Called Strike 3-1: Foul Ball, location: 2F 3-2: Ground out 3-1 (Groundball, 34S, EV 81.9 MPH)
|
Batting: RHB George A Bell
|
0-0: Swinging Strike 0-1: Swinging Strike 0-2: Ball 1-2: Ball 2-2: Foul Ball, location: 2F 2-2: Foul Ball, location: 2F 2-2: Ball 3-2: Strikes out swinging
|
Batting: LHB Tom Beyers
|
0-0: Foul Ball, location: 2F 0-1: Called Strike 0-2: Ball 1-2: Strikes out swinging
|
Top of the 14th over - 0 runs, 0 hits, 0 errors, 0 left on base; Denver 0 - Oklahoma City 0 |
BOTTOM OF THE 14TH |
Oklahoma City 89ers batting - Pitching for Denver Bears : RHP Curt Heidenreich
|
Batting: RHB Robert Bailey
|
0-0: Ground out 6-3 (Groundball, 6, EV 108.1 MPH)
|
Batting: RHB David Green
|
0-0: Called Strike 0-1: Foul Ball, location: 2F 0-2: Ground out 4-3 (Groundball, 4M, EV 110.6 MPH)
|
Batting: RHB John Christensen
|
0-0: Ball 1-0: Ball 2-0: Fly out, F9 (Flyball, 89M, EV 85.6 MPH)
|
Bottom of the 14th over - 0 runs, 0 hits, 0 errors, 0 left on base; Denver 0 - Oklahoma City 0 |
TOP OF THE 15TH |
Denver Bears batting - Pitching for Oklahoma City 89ers : RHP Bob Forsch
|
Batting: LHB Terry Francona
|
0-0: Ball 1-0: Ball 2-0: Ground out 6-3 (Groundball, 6M, EV 81.9 MPH)
|
Batting: RHB Francis McCann
|
0-0: Foul Ball, location: 2F 0-1: Swinging Strike 0-2: Strikes out swinging
|
Batting: RHB Frank Lucy
|
0-0: Ball 1-0: Called Strike 1-1: Swinging Strike 1-2: Ball 2-2: Foul Ball, location: 2F 2-2: Foul Ball, location: 2F 2-2: Ball 3-2: Foul Ball, location: 2F 3-2: Foul Ball, location: 2F 3-2: Strikes out swinging
|
Top of the 15th over - 0 runs, 0 hits, 0 errors, 0 left on base; Denver 0 - Oklahoma City 0 |
BOTTOM OF THE 15TH |
Oklahoma City 89ers batting - Pitching for Denver Bears : RHP Curt Heidenreich
|
Batting: LHB Tom O'Malley
|
0-0: SINGLE (Flyball, 5D, EV 76.3 MPH)
|
Batting: RHB Glenn Braggs
|
0-0: Called Strike 0-1: Fly out, F7 (Flyball, 7LD, EV 82.5 MPH)
|
Batting: RHB Cecil Fielder
|
0-0: Ball 1-0: Swinging Strike 1-1: SINGLE (Groundball, 56D, EV 94.4 MPH) Tom O'Malley to second
|
Batting: RHB Nick Esasky
|
0-0: Called Strike 0-1: Called Strike 0-2: Ball 1-2: Ball 2-2: Fly out, F4 (Line Drive, 4, EV 65.0 MPH)
|
Batting: RHB Joe Redfield
|
0-0: Foul Ball, location: 2F 0-1: Foul Ball, location: 2F 0-2: Strikes out looking
|
Bottom of the 15th over - 0 runs, 2 hits, 0 errors, 2 left on base; Denver 0 - Oklahoma City 0 |
TOP OF THE 16TH |
Denver Bears batting - Pitching for Oklahoma City 89ers : RHP Bob Forsch
|
Batting: RHB Gomez Barahona
|
0-0: Ground out 4-3 (Groundball, 4, EV 104.4 MPH)
|
Batting: LHB Dallas Williams
|
0-0: Fly out, F8 (Flyball, 89XD, EV 102.5 MPH)
|
Batting: RHB Adolfo Feliz
|
0-0: Ball 1-0: Ball 2-0: Foul Ball, location: 2F 2-1: Called Strike 2-2: Strikes out swinging
|
Top of the 16th over - 0 runs, 0 hits, 0 errors, 0 left on base; Denver 0 - Oklahoma City 0 |
BOTTOM OF THE 16TH |
Oklahoma City 89ers batting - Pitching for Denver Bears : RHP Curt Heidenreich
|
Batting: RHB Danny Jasso
|
0-0: Ground out 4-3 (Groundball, 34D, EV 100.6 MPH)
|
Batting: RHB Robert Bailey
|
0-0: Ball 1-0: Fly out, F7 (Line Drive, 7, EV 85.0 MPH)
|
Batting: RHB David Green
|
0-0: Ball 1-0: TRIPLE (Flyball, 89XD, EV 108.8 MPH)
|
Pitching: LHP Jake Zorbas
|
|
Batting: RHB John Christensen
|
0-0: Ball 1-0: Called Strike 1-1: Ball 2-1: SINGLE (Line Drive, 56D, EV 108.8 MPH) David Green scores
|
Bottom of the 16th over - 1 run, 2 hits, 0 errors, 0 left on base; Denver 0 - Oklahoma City 1 |
|